 Dungeon Crawl Stone Soup version 0.23.1 (webtiles) character file.

Game seed: 15910905652384097469

415 vishdafish the Sneak (level 6, 0/43 HPs)
             Began as an Octopode Assassin on Mar 17, 2019.
             Splashed by an oklob sapling's acid (10 damage)
             ... on level 4 of the Dungeon.
             The game lasted 00:05:28 (3193 turns).

vishdafish the Sneak (Octopode Assassin)            Turns: 3193, Time: 00:05:29

Health: 0/43       AC: -5    Str: 13    XL:     6   Next: 91%
Magic:  6/6        EV: 14    Int: 13    God:
Gold:   154        SH:  0    Dex: 13    Spells: 5/5 levels left

rFire    . . .     SeeInvis .   e - +0 spear
rCold    . . .     Gourm    +   (no shield)
rNeg     . . .     Faith    .   (helmet restricted)
rPois    .         Spirit   .   g - amulet of the gourmand
rElec    .         Reflect  .   q - +2 ring of protection
rCorr    .         Harm     .   (no ring)
MR       .....                  (no ring)
Stlth    ++++......             (no ring)
HPRegen  0.14/turn              (no ring)
MPRegen  0.10/turn              (no ring)
                                (no ring)
                                (no ring)

@: corroded
A: almost no armour, stealthy swim, amphibious, 8 rings, constrict 8, camouflage
1, gelatinous body 1
a: no special abilities


You were on level 4 of the Dungeon.
You were not hungry.

You visited 1 branch of the dungeon, and saw 4 of its levels.

You collected 154 gold pieces.

Inventory:

Hand Weapons
 a - a +2 dagger
 b - a +0 blowgun
 e - a +0 spear (weapon)
Missiles
 c - 8 poisoned needles
 d - 2 curare-tipped needles
 j - 2 throwing nets (quivered)
Jewellery
 g - an amulet of the gourmand (around mantle)
 q - a +2 ring of protection (left tentacle)
Scrolls
 i - a scroll of blinking
 k - a scroll of remove curse
 l - a scroll of enchant armour {unknown}
 n - 2 scrolls of teleportation {unknown}
 o - a scroll of magic mapping {unknown}
 p - a scroll of fog {unknown}
 r - a scroll of noise
 s - a scroll of enchant weapon {unknown}
 u - a scroll of immolation {unknown}
Potions
 m - a potion of brilliance {unknown}
 t - a potion of might {unknown}
 v - 3 potions of curing {unknown}
Comestibles
 f - 6 rations


   Skills:
 + Level 4.0 Fighting
 - Level 2.0 Short Blades
 * Level 4.4 Polearms
 - Level 2.0 Throwing
 + Level 3.5 Dodging
 - Level 5.3 Stealth


You had 5 spell levels left.
You didn't know any spells.
Your spell library was empty.

Dungeon Overview and Level Annotations

Branches:
Dungeon (4/15)             Temple (0/1) D:4

Altars:

Shops:
D:4 *

Annotations:
D:4 exclusion: oklob sapling


Innate Abilities, Weirdness & Mutations

You cannot wear most types of armour.
You are very stealthy in the water. (Stealth+)
You are amphibious.
You can wear up to eight rings at the same time.
You can use your tentacles to constrict eight enemies at once.
Your skin changes colour to match your surroundings (Stealth+).
Your rubbery body absorbs attacks. (AC +1, EV +1)


Message History

The splash of acid hits you!
You are splashed with acid.
You hit the oklob sapling but do no damage.
You squeeze the oklob sapling.
The oklob sapling is heavily damaged.
You constrict the oklob sapling, but do no damage.
You hit the oklob sapling but do no damage.
The oklob sapling is heavily damaged.
You constrict the oklob sapling.
You hit the oklob sapling but do no damage.
The oklob sapling is severely damaged.
You constrict the oklob sapling, but do no damage.
You hit the oklob sapling but do no damage.
You squeeze the oklob sapling, but do no damage.
The oklob sapling is severely damaged.
You constrict the oklob sapling. The oklob sapling spits acid at you.
The splash of acid hits you!
* * * LOW HITPOINT WARNING * * *
The acid corrodes you!
You are splashed with acid!
You die...

......# ####.####
......# ##.## .>....#
##...##
......#####.$...#
##.##.#.........######
#.# #..###......P...#
#.. ##.# ##.P.P.P.P.#
##. #..PP.PP..### #
##.P.@PPP....
#PP.PPPP###. #.PPP.P.#
#P..PP...# #.#.#)##.#
#.#. .. ... #... .#
.## #. ##


8 You could see an oklob sapling.

Vanquished Creatures
  Sigmund (D:2)
  A vampire bat (D:3)
  4 gnolls
  3 adders
  2 dart slugs
  3 fire bats (D:3)
  2 leopard geckos
  2 orcs (D:3)
  2 spectral bats (D:3)
  3 bat skeletons (D:3)
  A bat zombie (D:3)
  5 giant cockroaches
  3 goblins
  12 hobgoblins
  7 kobolds
  2 ball pythons
  19 bats
  A bat simulacrum (D:3)
  3 frilled lizards
  9 rats
  A plant (D:4)
86 creatures vanquished.

Notes
Turn   | Place    | Note
-------+----------+-------------------------------------------
     0 | D:1      | vishdafish the Octopode Assassin began the quest for the
                  | Orb.
     0 | D:1      | Reached XP level 1. HP: 14/14 MP: 1/1
   102 | D:1      | Reached XP level 2. HP: 14/20 MP: 2/2
   464 | D:1      | Reached skill level 1 in Polearms
   477 | D:1      | Reached XP level 3. HP: 25/25 MP: 3/3
   873 | D:2      | Reached XP level 4. HP: 24/30 MP: 4/4
  1665 | D:2      | Noticed Sigmund
  1685 | D:2      | Killed Sigmund
  1685 | D:2      | Reached XP level 5. HP: 21/36 MP: 5/5
  1685 | D:2      | Reached XP level 6. HP: 25/42 MP: 6/6
  3100 | D:4      | Found Noesu's Assorted Antiques.
  3137 | D:4      | Found a staircase to the Ecumenical Temple.
  3193 | D:4      | Splashed by an oklob sapling's acid

Skill      XL: |  1  2  3  4  5  6 |
---------------+-------------------+-----
Polearms       | 1 3 4 |  4.4
Dodging        | 2 3 |  3.5
Fighting       | 3 4 |  4.0
Short Blades   | |  2.0
Throwing       | |  2.0
Stealth        | |  5.3

Action                   |  1- 3 |  4- 6 || total
-------------------------+-------+-------++-------
Melee: Dagger            |    12 |       ||    12
       Constrict         |    17 |    34 ||    51
       Spear             |    62 |   174 ||   236
       Tentacles         |     4 |    35 ||    39
  Use: Potion            |       |     6 ||     6
       Scroll            |       |     3 ||     3
 Stab: Sleeping          |    18 |    19 ||    37
       Invisible         |       |     1 ||     1
       Distracted        |       |     1 ||     1
  Eat: Chunk             |       |     8 ||     8
Armor: Skin              |     6 |    32 ||    38
Dodge: Dodged            |    30 |   117 ||   147
